[Event "Kuwait Championship Stage-I 2024"]
[Site "Qadsiya"]
[Date "2024.01.31"]
[Round "8.8"]
[White "Alghanim, Faisal"]
[Black "Albaloul, Mohammad"]
[Result "0-1"]
[ECO "B98"]
[WhiteElo "1280"]
[BlackElo "1378"]
[Annotator "NA RC"]
[PlyCount "120"]
[EventDate "2024.01.22"]
[EventType "swiss"]
[EventCountry "KUW"]
[SourceTitle "playchess.com"]
[Source "ChessBase"]
[SourceQuality "1"]
[TimeControl "5400+30"]

1. e4 c5 2. Nf3 d6 3. d4 cxd4 4. Nxd4 Nf6 5. Nc3 a6 6. Bg5 e6 7. f4 Be7 8. Qd3 h6 9. Bxf6 Bxf6 10. O-O-O Qc7 11. Nde2 Be7 12. g4 b5 13. a3 Bb7 14. Rg1 Nc6 15. Bg2 b4 16. Na2 bxa3 17. Qxa3 Rc8 18. Qd3 O-O 19. Bh1 Rfd8 20. Nec3 Bf6 21. g5 hxg5 22. fxg5 Be5 23. h4 g6 24. h5 Bg7 25. h6 Bh8 26. Rgf1 Ne5 27. Qh3 Kh7 28. Rf2 a5 29. Nb5 Qc5 30. Rdf1 Rf8 31. Nbc3 Ba6 32. Bf3 Bxf1 33. Qxf1 Qe3+ 34. Kb1 Qxg5 35. Qh1 Nxf3 36. Qxf3 Be5 37. Qe2 Rb8 38. Qf1 Qe7 39. b3 Rb7 40. Qa6 Ra7 41. Qb5 Qb7 42. Qa4 Bxc3 43. Nxc3 Qb4 44. Qxb4 axb4 45. Nb5 Rd7 46. Rh2 e5 47. c3 bxc3 48. Nxc3 f5 49. Kc2 Rc8 50. Kd2 Rdc7 51. Rh3 f4 52. Nd5 Rc2+ 53. Kd3 Rg2 54. Nf6+ Kh8 55. h7 Rg3+ 56. Rxg3 fxg3 57. Ke2 g2 58. Kf2 Rf8 59. b4 Rxf6+ 60. Kxg2 Rf4 0-1

[Event "Kuwait Championship Stage-I 2024"]
[Site "Qadsiya"]
[Date "2024.01.31"]
[Round "8.11"]
[White "Almanaseer, Talal"]
[Black "Almohammad, Hamad"]
[Result "0-1"]
[ECO "D94"]
[WhiteElo "1249"]
[BlackElo "1296"]
[Annotator "NA COMBH"]
[PlyCount "48"]
[EventDate "2024.01.22"]
[EventType "swiss"]
[EventCountry "KUW"]
[SourceTitle "playchess.com"]
[Source "ChessBase"]
[SourceQuality "1"]
[TimeControl "5400+30"]

1. c4 c6 2. d4 d5 3. Nc3 Nf6 4. cxd5 cxd5 5. Nf3 g6 6. e3 Bg7 7. Bd3 O-O 8. O-O Bg4 9. h3 Bxf3 10. Qxf3 Re8 11. b3 Nc6 12. Bb5 a6 13. Bxc6 bxc6 14. Bb2 Qd7 15. Na4 Qc7 16. Rac1 Ne4 17. Rc2 e5 18. dxe5 Bxe5 19. Bxe5 Rxe5 20. Nc5 Qd6 21. Nxe4 dxe4 22. Qd1 Rd5 23. Qc1 c5 24. Qa3 Rc8 0-1

[Event "Kuwait Championship Stage-I 2024"]
[Site "Qadsiya"]
[Date "2024.01.31"]
[Round "8.12"]
[White "Qabazard, Mohamed"]
[Black "Husain, Sulaiman A.M."]
[Result "0-1"]
[ECO "B46"]
[WhiteElo "1533"]
[BlackElo "1636"]
[Annotator "NA COMBH"]
[PlyCount "54"]
[EventDate "2024.01.22"]
[EventType "swiss"]
[EventCountry "KUW"]
[SourceTitle "playchess.com"]
[Source "ChessBase"]
[SourceQuality "1"]
[TimeControl "5400+30"]

1. e4 c5 2. Nf3 e6 3. d4 cxd4 4. Nxd4 Nc6 5. Bc4 a6 6. Nc3 Qc7 7. O-O Nf6 8. a3 b5 9. Ba2 Nxd4 10. Qxd4 Bc5 11. Qd3 O-O 12. Kh1 Ng4 13. g3 Nxf2+ 14. Rxf2 Bxf2 15. Qf3 Bd4 16. Ne2 Bb6 17. c3 f5 18. Qh5 Bb7 19. h4 Bxe4+ 20. Kh2 Qc5 21. Nd4 Bd5 22. Bb1 e5 23. Bxf5 Rxf5 24. Qxf5 exd4 25. cxd4 Qxd4 26. Be3 Qxb2+ 27. Kh3 Be6 0-1

[Event "Kuwait Championship Stage-I 2024"]
[Site "Qadsiya"]
[Date "2024.02.01"]
[Round "9.1"]
[White "Al-Hajiri, Bader"]
[Black "Al Ibrahim, Abdulrahman"]
[Result "1-0"]
[ECO "D33"]
[WhiteElo "1890"]
[BlackElo "1854"]
[Annotator "NA"]
[PlyCount "67"]
[EventDate "2024.01.22"]
[EventType "swiss"]
[EventCountry "KUW"]
[SourceTitle "playchess.com"]
[Source "ChessBase"]
[SourceQuality "1"]
[TimeControl "5400+30"]

1. d4 d5 2. c4 e6 3. Nf3 c5 4. cxd5 exd5 5. g3 Nf6 6. Bg2 Nc6 7. Nc3 cxd4 8. Nxd4 Bc5 9. Nb3 Bb6 10. O-O Be6 11. Bg5 O-O 12. Rb1 d4 13. Ne4 Bf5 14. Rc1 Bxe4 15. Bxe4 h6 16. Bxf6 Qxf6 17. Nc5 Qe7 18. Bxc6 Bxc5 19. Bf3 Bb6 20. Qb3 Rad8 21. Rc2 Rfe8 22. Rfc1 Qe5 23. Bxb7 d3 24. exd3 h5 25. Bc6 Re6 26. Qb5 Qd4 27. Be4 g6 28. Qg5 Kg7 29. Kg2 Re5 30. Qf4 Ra5 31. b3 f5 32. Rc7+ Bxc7 33. Rxc7+ Rd7 34. Bc6 1-0

[Event "Kuwait Championship Stage-I 2024"]
[Site "Qadsiya"]
[Date "2024.02.01"]
[Round "9.2"]
[White "Alhejab, Meshal"]
[Black "Alabdaljader, Mohammed"]
[Result "1/2-1/2"]
[ECO "C75"]
[WhiteElo "1787"]
[BlackElo "1353"]
[Annotator "NA"]
[PlyCount "80"]
[EventDate "2024.01.22"]
[EventType "swiss"]
[EventCountry "KUW"]
[SourceTitle "playchess.com"]
[Source "ChessBase"]
[SourceQuality "1"]
[TimeControl "5400+30"]

1. e4 e5 2. Nf3 Nc6 3. Bb5 a6 4. Ba4 d6 5. d4 Bd7 6. O-O Nge7 7. c3 Ng6 8. Be3 Be7 9. Nbd2 h6 10. Re1 Bg5 11. Nf1 Qf6 12. Ng3 Nf4 13. Bxf4 Bxf4 14. Nh5 Qg6 15. Nh4 Qg5 16. Nf5 g6 17. h4 Qd8 18. Nxf4 exf4 19. d5 Ne5 20. Bxd7+ Kxd7 21. Nd4 Qxh4 22. Nf3 Qe7 23. Nxe5+ Qxe5 24. Qg4+ Ke8 25. g3 g5 26. gxf4 gxf4 27. f3 Ke7 28. Kf2 Rhg8 29. Qh4+ Qg5 30. Rh1 Qxh4+ 31. Rxh4 Rg6 32. Rah1 Rag8 33. R1h2 Rg1 34. Rxf4 Ra1 35. a3 Rgg1 36. Rxh6 Rgb1 37. Rh7 Rxb2+ 38. Ke3 Re1+ 39. Kd3 Rd1+ 40. Ke3 Re1+ 1/2-1/2

[Event "Kuwait Championship Stage-I 2024"]
[Site "Qadsiya"]
[Date "2024.02.01"]
[Round "9.3"]
[White "Hussain, Hashem"]
[Black "Aldaihani, Turki"]
[Result "1/2-1/2"]
[ECO "B50"]
[WhiteElo "1642"]
[BlackElo "1475"]
[Annotator "NA"]
[PlyCount "105"]
[EventDate "2024.01.22"]
[EventType "swiss"]
[EventCountry "KUW"]
[SourceTitle "playchess.com"]
[Source "ChessBase"]
[SourceQuality "1"]
[TimeControl "5400+30"]

1. e4 c5 2. Nf3 d6 3. c3 Nf6 4. Be2 Nc6 5. d3 g6 6. O-O Bg7 7. h3 O-O 8. Be3 e5 9. Nh2 b5 10. Ng4 Nxg4 11. Bxg4 f5 12. exf5 gxf5 13. Bf3 Bd7 14. Bd5+ Kh8 15. f4 Qe7 16. Nd2 Bh6 17. Qf3 Rac8 18. Rae1 Qg7 19. Qf2 exf4 20. Bxf4 Bxf4 21. Qxf4 Ne5 22. Re3 Rf6 23. Ne4 Nxd3 24. Rxd3 fxe4 25. Qxe4 Re8 26. Qh4 Rh6 27. Qg3 Rg6 28. Qf2 Qe5 29. Bf7 Rf8 30. Rf3 Rg7 31. Bd5 Rxf3 32. Qxf3 h6 33. Kh1 Be6 34. Qf8+ Kh7 35. Bxe6 Qxe6 36. Qf5+ Qxf5 37. Rxf5 a5 38. Rd5 Rd7 39. Kg1 Kg6 40. Kf2 Kf6 41. Kf3 Rf7 42. Kg3 Ke6 43. Rh5 Rg7+ 44. Kf3 Rg6 45. g4 d5 46. Ke3 a4 47. b4 Kd6 48. a3 Re6+ 49. Kd3 Rf6 50. Ke3 Re6+ 51. Kd3 cxb4 52. cxb4 Rf6 53. Ke3 1/2-1/2

[Event "Kuwait Championship Stage-I 2024"]
[Site "Qadsiya"]
[Date "2024.02.01"]
[Round "9.4"]
[White "Alsaqer, Meshal"]
[Black "Alsayer, Bader"]
[Result "1-0"]
[ECO "D02"]
[WhiteElo "1753"]
[BlackElo "1260"]
[Annotator "NA"]
[PlyCount "105"]
[EventDate "2024.01.22"]
[EventType "swiss"]
[EventCountry "KUW"]
[SourceTitle "playchess.com"]
[Source "ChessBase"]
[SourceQuality "1"]
[TimeControl "5400+30"]

1. d4 Nf6 2. Nf3 d5 3. Bf4 Nc6 4. e3 Bf5 5. c3 e6 6. Qb3 Qd7 7. Bb5 a6 8. Ne5 Qc8 9. Bxc6+ bxc6 10. Qa4 Rb8 11. Qxc6+ Nd7 12. b4 Rb6 13. Qa4 f6 14. Nxd7 Qxd7 15. Qxd7+ Kxd7 16. Nd2 g5 17. Bg3 h5 18. h4 Bd6 19. Bxd6 cxd6 20. hxg5 fxg5 21. Nb3 h4 22. Kd2 Rbb8 23. Nc1 g4 24. Ne2 Be4 25. Rh2 Rbf8 26. Nf4 e5 27. f3 exf4 28. fxe4 f3 29. gxf3 Rxf3 30. exd5 h3 31. Ke2 Rf7 32. Rg1 Rh4 33. c4 Ke7 34. c5 Rf5 35. a4 Rxd5 36. Kf2 a5 37. Kg3 Rh8 38. Rc1 axb4 39. cxd6+ Kxd6 40. Kxg4 Rg8+ 41. Kf4 Rf8+ 42. Ke4 Rh5 43. Kd3 Ra8 44. Rch1 Rxa4 45. Rxh3 Rxh3 46. Rxh3 b3 47. Kc3 Kd5 48. Rh5+ Kd6 49. Kxb3 Ra7 50. e4 Re7 51. Rh6+ Kd7 52. e5 Re8 53. Kc4 1-0

[Event "Kuwait Championship Stage-I 2024"]
[Site "Qadsiya"]
[Date "2024.02.01"]
[Round "9.5"]
[White "Hashem, Khaled"]
[Black "Eidi, Eisa"]
[Result "1/2-1/2"]
[ECO "A30"]
[WhiteElo "1868"]
[BlackElo "1306"]
[Annotator "NA"]
[PlyCount "132"]
[EventDate "2024.01.22"]
[EventType "swiss"]
[EventCountry "KUW"]
[SourceTitle "playchess.com"]
[Source "ChessBase"]
[SourceQuality "1"]
[TimeControl "5400+30"]

1. Nf3 Nf6 2. g3 b6 3. Bg2 Bb7 4. O-O e6 5. c4 c5 6. e3 Be7 7. d4 O-O 8. Nc3 d6 9. b3 Nbd7 10. Bb2 Re8 11. Qc2 a6 12. Rfd1 Qc7 13. Rac1 Rac8 14. Qb1 Bf8 15. a3 e5 16. d5 h6 17. e4 Qb8 18. Qd3 Be7 19. Nh4 g6 20. Bh3 Rcd8 21. Ng2 Bc8 22. f4 h5 23. Ne3 Nf8 24. Bxc8 Qxc8 25. Qe2 N8h7 26. Rf1 Rf8 27. Qf3 Qd7 28. a4 Qh3 29. Qg2 Qd7 30. Rc2 Ng4 31. Nxg4 Qxg4 32. h3 Qd7 33. f5 g5 34. Qf3 Nf6 35. Qe3 Nh7 36. f6 Bxf6 37. Rxf6 Nxf6 38. Qxg5+ Kh7 39. Qxf6 Qxh3 40. Bc1 Qg4 41. Qh6+ Kg8 42. Qg5+ Qxg5 43. Bxg5 Rd7 44. Rf2 Kh7 45. Bf6 Kg6 46. Nd1 b5 47. axb5 axb5 48. Ne3 bxc4 49. bxc4 Rb8 50. Bh4 Rdb7 51. Rf6+ Kg7 52. Nf5+ Kg8 53. Rxd6 Rb1+ 54. Kf2 R1b2+ 55. Kf3 R8b3+ 56. Ne3 Rc2 57. Bg5 Rxc4 58. Rh6 Rcc3 59. Rd6 c4 60. Rc6 Rd3 61. Rxc4 f6 62. Rc8+ Kh7 63. Ke2 fxg5 64. Rc7+ Kg8 65. Nf5 Rdc3 66. Rxc3 Rxc3 1/2-1/2

[Event "Kuwait Championship Stage-I 2024"]
[Site "Qadsiya"]
[Date "2024.02.01"]
[Round "9.6"]
[White "Alruwayeh, Talal"]
[Black "Al Subaie, Nasser"]
[Result "0-1"]
[ECO "C44"]
[WhiteElo "1407"]
[BlackElo "1457"]
[Annotator "NA"]
[PlyCount "118"]
[EventDate "2024.01.22"]
[EventType "swiss"]
[EventCountry "KUW"]
[SourceTitle "playchess.com"]
[Source "ChessBase"]
[SourceQuality "1"]
[TimeControl "5400+30"]

1. e4 e5 2. c4 Nc6 3. Nf3 Bc5 4. d3 d6 5. h3 Nge7 6. Nc3 O-O 7. Na4 Bb4+ 8. Bd2 f5 9. Bxb4 Nxb4 10. Qb3 c5 11. a3 Nbc6 12. Nc3 Nd4 13. Qd1 fxe4 14. Nxe4 Nxf3+ 15. gxf3 Nf5 16. Nd2 Nd4 17. Rg1 Bd7 18. Rg3 Bc6 19. Bg2 Nf5 20. Rg4 h5 21. Rg6 Be8 22. Rg3 Nxg3 23. fxg3 Bc6 24. Ne4 Bxe4 25. dxe4 Qg5 26. Kf2 h4 27. Qd5+ Kh8 28. gxh4 Qxh4+ 29. Kg1 Qe7 30. Rf1 Rf4 31. Kh2 Raf8 32. Rg1 R8f6 33. Bh1 Rh6 34. Rg3 Rff6 35. b4 Rfg6 36. Rg4 Rxg4 37. fxg4 Qg5 38. Bg2 Qxg4 39. Qxb7 Qf4+ 40. Kh1 Qc1+ 41. Kh2 Rg6 42. Qc8+ Kh7 43. Qf5 Qf4+ 44. Kh1 Qxf5 45. exf5 Rg3 46. bxc5 dxc5 47. a4 Kh6 48. Kh2 Rc3 49. Bd5 Kg5 50. Be6 Kh4 51. Kg2 Rxh3 52. Kf2 Ra3 53. Bd7 Kg5 54. Ke2 Kf4 55. Kd2 e4 56. Kc2 a5 57. Kb2 Rd3 58. Be6 e3 59. Kc2 Rd4 0-1

[Event "Kuwait Championship Stage-I 2024"]
[Site "Qadsiya"]
[Date "2024.02.01"]
[Round "9.7"]
[White "Albaloul, Mohammad"]
[Black "Khalaf, Ali"]
[Result "1/2-1/2"]
[ECO "A39"]
[WhiteElo "1378"]
[BlackElo "1426"]
[Annotator "NA"]
[PlyCount "75"]
[EventDate "2024.01.22"]
[EventType "swiss"]
[EventCountry "KUW"]
[SourceTitle "playchess.com"]
[Source "ChessBase"]
[SourceQuality "1"]
[TimeControl "5400+30"]

1. Nf3 Nf6 2. g3 c5 3. c4 g6 4. Nc3 Nc6 5. Bg2 Bg7 6. O-O O-O 7. d4 cxd4 8. Nxd4 Qb6 9. e3 d6 10. h3 Bd7 11. Rb1 Ne5 12. b3 Bc6 13. Nxc6 bxc6 14. Bb2 Ned7 15. Kh2 Rac8 16. Ne2 Rfd8 17. Nc3 Nc5 18. Qe2 d5 19. cxd5 cxd5 20. Rfd1 e6 21. Rbc1 a5 22. Ba3 Nce4 23. Nxe4 Nxe4 24. Bxe4 dxe4 25. Rxd8+ Rxd8 26. Qc2 Qb7 27. Bb2 Bxb2 28. Qxb2 Qd5 29. Kg2 Qd2 30. Qxd2 Rxd2 31. Rc8+ Kg7 32. a4 Rb2 33. Ra8 Rxb3 34. Rxa5 Ra3 35. Ra8 Kf6 36. a5 h5 37. a6 Ra1 38. a7 1/2-1/2

[Event "Kuwait Championship Stage-I 2024"]
[Site "Qadsiya"]
[Date "2024.02.01"]
[Round "9.8"]
[White "Alenezi, Hamad"]
[Black "Alrefae, Ahmad"]
[Result "0-1"]
[ECO "A00"]
[WhiteElo "1419"]
[BlackElo "1338"]
[Annotator "NA"]
[PlyCount "74"]
[EventDate "2024.01.22"]
[EventType "swiss"]
[EventCountry "KUW"]
[SourceTitle "playchess.com"]
[Source "ChessBase"]
[SourceQuality "1"]
[TimeControl "5400+30"]

1. Nc3 f5 2. e4 fxe4 3. Nxe4 d5 4. Ng3 Nf6 5. d4 Be6 6. Nf3 g6 7. Bd3 Qd6 8. Bd2 Nbd7 9. Qe2 Bf7 10. Ne5 Be6 11. a3 c5 12. c3 Bg7 13. h3 Qb6 14. Be3 Nxe5 15. dxe5 Nd7 16. f4 Qc7 17. O-O O-O-O 18. a4 Rdf8 19. a5 h5 20. Bxg6 Bxh3 21. gxh3 h4 22. Nf5 e6 23. Nd6+ Kb8 24. b4 Rhg8 25. Kh2 Nxe5 26. bxc5 Nxg6 27. Rab1 Ka8 28. Rxb7 Qc6 29. Rg1 Bxc3 30. Qc2 d4 31. Bc1 Nxf4 32. Rxg8 Rxg8 33. Bxf4 d3 34. Qf2 Be1 35. Qf1 d2 36. Bxd2 Bg3+ 37. Kg1 Bxd6+ 0-1

[Event "Kuwait Championship Stage-I 2024"]
[Site "Qadsiya"]
[Date "2024.02.01"]
[Round "9.9"]
[White "Almohammad, Hamad"]
[Black "Alansari, Omar"]
[Result "0-1"]
[ECO "D02"]
[WhiteElo "1296"]
[BlackElo "1262"]
[Annotator "NA"]
[PlyCount "102"]
[EventDate "2024.01.22"]
[EventType "swiss"]
[EventCountry "KUW"]
[SourceTitle "playchess.com"]
[Source "ChessBase"]
[SourceQuality "1"]
[TimeControl "5400+30"]

1. d4 d5 2. Bf4 e6 3. e3 c5 4. c3 Nc6 5. Nf3 Nf6 6. Bd3 Bd6 7. Ne5 Qc7 8. Nxc6 Bxf4 9. exf4 bxc6 10. g3 cxd4 11. cxd4 Qb6 12. Qa4 O-O 13. b3 c5 14. dxc5 Qxc5 15. O-O Bd7 16. Qa6 Rfb8 17. Be2 Rb6 18. Qd3 Bb5 19. Qf3 Bxe2 20. Qxe2 Rc6 21. Nd2 Rac8 22. Rac1 Qa5 23. Rxc6 Rxc6 24. Nf3 h6 25. Nd4 Rc8 26. Nxe6 Re8 27. f5 fxe6 28. fxe6 Qb6 29. Re1 Ne4 30. Qe3 Qxe3 31. Rxe3 Rxe6 32. f3 Ng5 33. Rxe6 Nxe6 34. Kf2 Kf7 35. Ke3 Kf6 36. b4 g5 37. a4 Ke5 38. a5 a6 39. h4 d4+ 40. Kd3 Kd5 41. hxg5 hxg5 42. b5 axb5 43. a6 Nc5+ 44. Ke2 Nxa6 45. f4 gxf4 46. gxf4 b4 47. f5 Nc5 48. f6 Ne6 49. Kd3 b3 50. f7 Kc5 51. Ke4 Ng5+ 0-1

[Event "Kuwait Championship Stage-I 2024"]
[Site "Qadsiya"]
[Date "2024.02.01"]
[Round "9.10"]
[White "Husain, Sulaiman A.M."]
[Black "Alqattan, Osamah"]
[Result "1/2-1/2"]
[ECO "C41"]
[WhiteElo "1636"]
[BlackElo "1239"]
[Annotator "NA"]
[PlyCount "109"]
[EventDate "2024.01.22"]
[EventType "swiss"]
[EventCountry "KUW"]
[SourceTitle "playchess.com"]
[Source "ChessBase"]
[SourceQuality "1"]
[TimeControl "5400+30"]

1. e4 e5 2. Nf3 d6 3. d4 exd4 4. Nxd4 Nf6 5. Nc3 Be7 6. Bd3 O-O 7. O-O Nbd7 8. Nf5 Ne5 9. Nxe7+ Qxe7 10. Bg5 h6 11. Nd5 Qd8 12. Nxf6+ gxf6 13. Bxh6 Re8 14. h3 Kh7 15. Bf4 Kg6 16. Re1 Rh8 17. Re3 Kg7 18. Rg3+ Kf8 19. Bxe5 fxe5 20. Qf3 Be6 21. Rd1 a6 22. a4 Rh7 23. Qe3 Qh4 24. Qg5 f6 25. Qxh4 Rxh4 26. Kh2 Kf7 27. Rh1 b5 28. axb5 axb5 29. Bxb5 Rb8 30. Bd3 Rxb2 31. Ra1 Rb7 32. Re3 d5 33. exd5 Bxd5 34. g3 Rd4 35. h4 e4 36. Be2 Rb2 37. Rd1 c5 38. c4 Rxd1 39. Bxd1 Bxc4 40. Rxe4 Rxf2+ 41. Kg1 Rf1+ 42. Kg2 Rxd1 43. Rxc4 Rd5 44. g4 Kg6 45. Kg3 f5 46. g5 Rd3+ 47. Kf4 Rd5 48. Ra4 Kh5 49. Rc4 Rd4+ 50. Rxd4 cxd4 51. Kf3 Kg6 52. Ke2 f4 53. Kf3 Kf5 54. g6 Kxg6 55. Kxf4 1/2-1/2

[Event "Kuwait Championship Stage-I 2024"]
[Site "Qadsiya"]
[Date "2024.02.01"]
[Round "9.11"]
[White "Almuhaini, Abdulaziz"]
[Black "Alasfour, Zaid"]
[Result "1-0"]
[ECO "B08"]
[WhiteElo "1374"]
[BlackElo "1188"]
[Annotator "NA"]
[PlyCount "79"]
[EventDate "2024.01.22"]
[EventType "swiss"]
[EventCountry "KUW"]
[SourceTitle "playchess.com"]
[Source "ChessBase"]
[SourceQuality "1"]
[TimeControl "5400+30"]

1. e4 d6 2. Nf3 Nf6 3. Nc3 g6 4. Be2 Bg7 5. O-O O-O 6. d4 Bg4 7. h3 Bxf3 8. Bxf3 e5 9. Be3 Nbd7 10. dxe5 dxe5 11. Qd2 Nb6 12. Qc1 Qe7 13. Rd1 Rfd8 14. Bg5 Qe6 15. Qe3 Rxd1+ 16. Rxd1 Ne8 17. Bg4 Qc6 18. b3 f6 19. Bh4 Bf8 20. Qd3 Bd6 21. Nd5 Nxd5 22. exd5 Qb6 23. Be6+ Kg7 24. Kf1 Bc5 25. c3 a5 26. Qf3 Rd8 27. g4 Qd6 28. Re1 Qf8 29. Rxe5 g5 30. Bxg5 fxg5 31. Rxg5+ Kh6 32. Rh5+ Kg7 33. Bf5 h6 34. g5 Rd6 35. gxh6+ Rxh6 36. Qg3+ Kh8 37. Qg6 Rxh5 38. Qxh5+ Kg7 39. Qg6+ Kh8 40. Qh7# 1-0